Diables vs Blackdemons
Created - 24 mars 2017 at 19:25
Goals
|
Diables |
3 |
0 |
1 |
4 |
Blackdemons |
4 |
0 |
1 |
5 |
|
Shots
|
Diables |
16 |
5 |
8 |
29 |
Blackdemons |
10 |
8 |
18 |
36 |
|
1st period
1. Diables , Brandon Prust 18 (J.T. Brown, Tyler Cuma) at 3:37
2. Blackdemons , Keaton Ellerby 4 (Igor Makarov, Noel Acciari) at 6:12
3. Blackdemons , Calvin de Haan 11 (Andrew MacDonald) at 7:22
4. Diables , Brandon Prust 19 (Brian Dumoulin) at 14:04
5. Blackdemons , Igor Makarov 33 (Sergei Plotnikov) at 15:50
6. Blackdemons , Igor Makarov 34 (Noel Acciari) at 15:54
7. Diables , Craig Smith 14 (Tyler Cuma) at 16:08
Penalties :
No Penalty
2nd period
No Goal
Penalties :
J.T. Brown (Alm) for Interference (Minor) at 7:58
3rd period
8. Diables , Craig Smith 15 (Tyler Cuma) at 3:25
9. Blackdemons , Matt Hunwick 5 (Andrew MacDonald, Sergei Plotnikov) at 16:58 (PP)
Penalties :
Lukas Krajicek (Alm) for Slashing (Minor) at 5:33, Taylor Beck (Alm) for Holding (Minor) at 10:13, Scott Wilson (MJM) for Roughing (Minor) at 12:24, J.T. Brown (Alm) for Holding (Minor) at 16:04, J.T. Brown (Alm) for Hooking (Minor) at 17:01, J.T. Brown (Alm) for Tripping (Minor) at 19:55
Goalie Stats
Jean-Francois Berube (Alm), 5 saves from 9 shots - (0,556), 15:54 minutes
Marek Mazanek (Alm), 26 saves from 27 shots - (0,963), L, 11-7-0, 44:06 minutes
Matt Hackett (MJM), 25 saves from 29 shots - (0,862), W, 7-11-1, 60:00 minutes
Players Stats for Diables
Player Name G A P +/- PIM S H SB GA TA FO MP PP MP PK MP
------------------------------------------------------------------------------------
Ben Hanowski 0 0 0 -1 0 4 3 0 2 0 0/0 9:02 0:00 0:00
Benn Ferriero 0 0 0 0 0 1 3 0 1 0 1/1 16:54 1:00 0:00
Brandon Prust 2 0 2 1 0 3 2 1 0 0 8/11 15:40 0:00 4:42
Brian Dumoulin 0 1 1 -1 0 2 0 0 0 0 0/0 15:12 0:00 1:19
Craig Smith 2 0 2 0 0 3 2 0 1 1 12/24 20:57 1:00 3:16
Gabriel Landeskog 0 0 0 0 0 0 0 1 0 0 0/0 21:10 1:00 3:19
J.T. Brown 0 1 1 1 8 2 2 0 0 0 0/1 11:53 0:00 0:00
Jamie Oleksiak 0 0 0 1 0 1 0 0 0 0 0/0 2:58 0:00 0:00
Kellan Lain 0 0 0 0 0 4 0 1 1 0 0/0 18:23 0:59 4:49
Kyle Chipchura 0 0 0 1 0 0 0 0 0 0 4/6 12:08 0:00 1:42
Lukas Krajicek 0 0 0 0 2 1 1 1 0 1 0/0 21:54 0:47 4:39
Mark Fraser 0 0 0 0 0 0 0 1 1 2 0/0 21:28 1:12 2:56
Pavel Valentenko 0 0 0 0 0 0 1 0 0 1 0/0 21:28 1:12 2:56
Petter Granberg 0 0 0 -1 0 1 0 2 0 0 0/0 12:20 0:00 0:00
Riley Sheahan 0 0 0 0 0 0 2 0 1 0 5/12 13:25 0:59 0:00
Taylor Beck 0 0 0 -1 2 3 0 0 0 0 0/0 8:15 0:00 0:00
Tomas Kubalik 0 0 0 0 0 0 1 3 1 0 0/1 13:25 0:59 0:00
Tyler Cuma 0 3 3 1 0 4 0 4 0 0 0/0 26:12 0:47 5:58
Vladislav Namestnikov 0 0 0 -1 0 0 0 0 0 0 2/3 8:16 0:00 0:00
Players Stats for Blackdemons
Player Name G A P +/- PIM S H SB GA TA FO MP PP MP PK MP
------------------------------------------------------------------------------------
Andrew MacDonald 0 2 2 0 0 2 3 1 0 1 0/0 22:41 6:03 0:47
Blake Pietila 0 0 0 0 0 0 2 0 0 0 0/0 15:15 3:11 0:04
Bryan Rust 0 0 0 0 0 2 0 1 1 0 0/1 11:57 0:00 0:00
Calvin de Haan 1 0 1 0 0 1 0 0 0 0 0/0 15:51 0:00 0:00
Dan Bertram 0 0 0 1 0 2 1 1 0 0 0/0 11:08 0:11 0:00
Igor Makarov 2 1 3 -1 0 11 4 0 0 2 1/2 21:27 5:21 1:04
Jordan Szwarz 0 0 0 0 0 0 3 0 0 0 0/2 15:36 3:22 1:03
Keaton Ellerby 1 0 1 0 0 4 0 1 0 0 0/0 25:03 6:03 0:47
Kyle Rau 0 0 0 1 0 0 0 0 0 0 0/1 10:01 0:00 0:00
Matt Hunwick 1 0 1 0 0 3 0 1 1 0 0/0 19:06 2:51 1:12
Max Friberg 0 0 0 1 0 2 1 0 0 0 0/0 11:15 0:18 0:00
Noel Acciari 0 2 2 -1 0 1 1 0 0 1 17/31 19:18 3:26 0:38
Oscar Klefbom 0 0 0 0 0 1 1 0 0 2 0/0 18:13 0:00 0:00
Scott Timmins 0 0 0 0 0 2 2 0 0 0 1/5 11:57 0:00 0:00
Scott Wilson 0 0 0 0 2 0 1 0 0 0 0/0 12:04 0:07 0:00
Sergei Plotnikov 0 2 2 -1 0 3 0 1 0 0 0/1 21:19 5:25 0:52
Steve Oleksy 0 0 0 0 0 0 1 1 0 2 0/0 19:06 2:51 1:12
Steven Zalewski 0 0 0 0 0 2 3 1 3 0 8/16 16:43 5:21 0:17
3 Stars
1 - Igor Makarov (MJM)
2 - Brandon Prust (Alm)
3 - Craig Smith (Alm)
Power Play
Diables - 0 on 1 Attempt(s) - 0,00%
Blackdemons - 1 on 6 Attempt(s) - 16,67%
Penalty Kill
Diables - 5 on 6 Attempt(s) - 83,33%
- Score 0 goal in Penalty Kill
Blackdemons - 1 on 1 Attempt(s) - 100,00%
- Score 0 goal in Penalty Kill
Team Stat
Diables - Hits : 17 - Faceoff Wins : 32 - Blocked Shots : 14 - Penalty Minutes : 12
Blackdemons - Hits : 23 - Faceoff Wins : 27 - Blocked Shots : 8 - Penalty Minutes : 2
Official
Referees : Ciamaga Chris and Rehman Kyle
Linesman : Derek Nansen and Michel Cormier
Game Notes
Marek Mazanek enters game at 15:54 of 1st period
Finance
Level 1 -- Attendance: 1540 (77,00%) -- Ticket Income 61 600 $
Level 2 -- Attendance: 773 (77,30%) -- Ticket Income 15 460 $
Total Attendance: 2313 (77,10%)
Total Ticket Income: 77 060 $
Other Income: 3 853 $
Total Income: 80 913 $
Diables
5 vs 5 Forward
Center Left Wing Right Wing Time % Phy DF OF
1 Craig Smith Gabriel Landeskog Benn Ferriero 40 1 2 2
2 Riley Sheahan Kellan Lain Tomas Kubalik 30 1 2 2
3 Kyle Chipchura Brandon Prust J.T. Brown 20 1 2 2
4 Vladislav Namestnikov Taylor Beck Ben Hanowski 10 1 2 2
5 vs 5 Defense
Defense Defense Time % Phy DF OF
1 Tyler Cuma Lukas Krajicek 40 1 2 2
2 Mark Fraser Pavel Valentenko 30 1 2 2
3 Petter Granberg Brian Dumoulin 20 1 2 2
4 Jamie Oleksiak Tyler Cuma 10 1 2 2
PowerPlay Forward
Center Left Wing Right Wing Time % Phy DF OF
1 Craig Smith Gabriel Landeskog Benn Ferriero 60 1 2 2
2 Riley Sheahan Kellan Lain Tomas Kubalik 40 1 2 2
PowerPlay Defense
Defense Defense Time % Phy DF OF
1 Tyler Cuma Lukas Krajicek 60 1 2 2
2 Mark Fraser Pavel Valentenko 40 1 2 2
Penalty Kill 4 Players Forward
Center Wing Time % Phy DF OF
1 Brandon Prust Kellan Lain 60 1 2 2
2 Gabriel Landeskog Craig Smith 40 1 2 2
Penalty Kill 4 Players Defense
Defense Defense Time % Phy DF OF
1 Tyler Cuma Lukas Krajicek 60 1 2 2
2 Mark Fraser Pavel Valentenko 40 1 2 2
Penalty Kill - 3 Players Forward
Forward Time % Phy DF OF
1 Brandon Prust 60 1 2 2
2 Kellan Lain 40 1 2 2
Penalty Kill - 3 Players Defense
Defense Defense Time % Phy DF OF
1 Tyler Cuma Lukas Krajicek 60 1 2 2
2 Mark Fraser Pavel Valentenko 40 1 2 2
4 vs 4 Forward
Center Wing Time % Phy DF OF
1 Brandon Prust Kellan Lain 60 1 2 2
2 Gabriel Landeskog Craig Smith 40 1 2 2
4 vs 4 Defense
Defense Defense Time % Phy DF OF
1 Tyler Cuma Lukas Krajicek 60 1 2 2
2 Mark Fraser Pavel Valentenko 40 1 2 2
Last Minutes Offensive
Center Left Wing Right Wing Defense Defense
Craig Smith Gabriel Landeskog Benn Ferriero Tyler Cuma Lukas Krajicek
Last Minutes Defensive
Center Left Wing Right Wing Defense Defense
Craig Smith Gabriel Landeskog Benn Ferriero Tyler Cuma Lukas Krajicek
Goaltenders
Starting : Jean-Francois Berube
Backup : Marek Mazanek
Extra Forwards
Normal : J.T. Brown, Ben Hanowski, Kyle Chipchura - PP : J.T. Brown, Ben Hanowski - PK : Kyle Chipchura
Extra Defensemen
Normal : Petter Granberg, Brian Dumoulin, Jamie Oleksiak - PP : Petter Granberg - PK : Brian Dumoulin, Jamie Oleksiak
Penalty Shots
Brandon Prust, Kellan Lain, Gabriel Landeskog, Craig Smith, Riley Sheahan
Blackdemons
5 vs 5 Forward
Center Left Wing Right Wing Time % Phy DF OF
1 Noel Acciari Sergei Plotnikov Igor Makarov 40 1 2 2
2 Steven Zalewski Blake Pietila Jordan Szwarz 30 1 2 2
3 Scott Timmins Scott Wilson Bryan Rust 20 1 2 2
4 Kyle Rau Dan Bertram Max Friberg 10 1 2 2
5 vs 5 Defense
Defense Defense Time % Phy DF OF
1 Keaton Ellerby Oscar Klefbom 40 1 2 2
2 Andrew MacDonald Calvin de Haan 30 1 2 2
3 Matt Hunwick Steve Oleksy 20 1 2 2
4 Matt Hunwick Steve Oleksy 10 1 2 2
PowerPlay Forward
Center Left Wing Right Wing Time % Phy DF OF
1 Steven Zalewski Sergei Plotnikov Igor Makarov 60 1 2 2
2 Noel Acciari Blake Pietila Jordan Szwarz 40 1 2 2
PowerPlay Defense
Defense Defense Time % Phy DF OF
1 Andrew MacDonald Keaton Ellerby 60 1 2 2
2 Matt Hunwick Steve Oleksy 40 1 2 2
Penalty Kill 4 Players Forward
Center Wing Time % Phy DF OF
1 Igor Makarov Jordan Szwarz 60 1 2 2
2 Sergei Plotnikov Steven Zalewski 40 1 2 2
Penalty Kill 4 Players Defense
Defense Defense Time % Phy DF OF
1 Andrew MacDonald Keaton Ellerby 60 1 2 2
2 Matt Hunwick Steve Oleksy 40 1 2 2
Penalty Kill - 3 Players Forward
Forward Time % Phy DF OF
1 Igor Makarov 60 1 2 2
2 Jordan Szwarz 40 1 2 2
Penalty Kill - 3 Players Defense
Defense Defense Time % Phy DF OF
1 Andrew MacDonald Keaton Ellerby 60 1 2 2
2 Matt Hunwick Steve Oleksy 40 1 2 2
4 vs 4 Forward
Center Wing Time % Phy DF OF
1 Igor Makarov Jordan Szwarz 60 1 2 2
2 Sergei Plotnikov Steven Zalewski 40 1 2 2
4 vs 4 Defense
Defense Defense Time % Phy DF OF
1 Andrew MacDonald Keaton Ellerby 60 1 2 2
2 Matt Hunwick Steve Oleksy 40 1 2 2
Last Minutes Offensive
Center Left Wing Right Wing Defense Defense
Steven Zalewski Sergei Plotnikov Igor Makarov Andrew MacDonald Keaton Ellerby
Last Minutes Defensive
Center Left Wing Right Wing Defense Defense
Steven Zalewski Sergei Plotnikov Igor Makarov Andrew MacDonald Keaton Ellerby
Goaltenders
Starting : Matt Hackett
Backup : Sebastien Caron
Extra Forwards
Normal : Max Friberg, Igor Makarov, Sergei Plotnikov - PP : Max Friberg, Steven Zalewski - PK : Igor Makarov
Extra Defensemen
Normal : Keaton Ellerby, Matt Hunwick, Andrew MacDonald - PP : Keaton Ellerby - PK : Steve Oleksy, Andrew MacDonald
Penalty Shots
Igor Makarov, Steven Zalewski, Sergei Plotnikov, Jordan Szwarz, Max Friberg
% Time on Ice - Diables
Lines # - Real PCT - Wanted PCT - Time Play
Normal Forward
1 - 36% - 40% - 17:28
2 - 26% - 30% - 12:26
3 - 21% - 20% - 10:11
4 - 17% - 10% - 8:16
Normal Defense
1 - 34% - 40% - 16:29
2 - 34% - 30% - 16:34
3 - 26% - 20% - 12:20
4 - 6% - 10% - 2:58
PP Forward
1 - 50% - 60% - 1:00
2 - 50% - 40% - 0:59
PP Defense
1 - 39% - 60% - 0:47
2 - 61% - 40% - 1:12
PK Forward
1 - 75% - 60% - 6:38
2 - 25% - 40% - 2:16
PK Defense
1 - 67% - 60% - 5:58
2 - 33% - 40% - 2:56
PK3 Forward
1 - 0% - 60%
2 - 0% - 40%
PK3 Defense
1 - 0% - 60%
2 - 0% - 40%
44 Forward
1 - 0% - 60%
2 - 0% - 40%
44 Defense
1 - 0% - 60%
2 - 0% - 40%
Last Minute Offensive - 0:46
Last Minute Defensive - 0:00
Total
Forward - 60:00
Defense - 60:00
|
% Time on Ice - Blackdemons
Lines # - Real PCT - Wanted PCT - Time Play
Normal Forward
1 - 31% - 40% - 15:03
2 - 23% - 30% - 11:17
3 - 25% - 20% - 11:57
4 - 21% - 10% - 10:01
Normal Defense
1 - 38% - 40% - 18:13
2 - 35% - 30% - 16:44
3 - 19% - 20% - 9:03
4 - 9% - 10% - 4:18
PP Forward
1 - 61% - 60% - 5:28
2 - 39% - 40% - 3:26
PP Defense
1 - 68% - 60% - 6:03
2 - 32% - 40% - 2:51
PK Forward
1 - 86% - 60% - 1:42
2 - 14% - 40% - 0:17
PK Defense
1 - 39% - 60% - 0:47
2 - 61% - 40% - 1:12
PK3 Forward
1 - 0% - 60%
2 - 0% - 40%
PK3 Defense
1 - 0% - 60%
2 - 0% - 40%
44 Forward
1 - 0% - 60%
2 - 0% - 40%
44 Defense
1 - 0% - 60%
2 - 0% - 40%
Last Minute Offensive - 0:00
Last Minute Defensive - 0:49
Total
Forward - 60:00
Defense - 60:00
|
Play by Play
1st period
0:01 of 1st period - Craig Smith wins face-off versus Igor Makarov in neutral zone.
0:40 of 1st period - Snap shot by Scott Timmins.
0:40 of 1st period - Deflect By Tyler Cuma.
0:40 of 1st period - Shot Blocked by Gabriel Landeskog.
0:40 of 1st period - Puck is out of play.
0:41 of 1st period - Steven Zalewski wins face-off versus Riley Sheahan in Diables zone.
1:06 of 1st period - Mark Fraser is hit by Max Friberg and loses puck.
1:39 of 1st period - Slapshot by Ben Hanowski.
1:39 of 1st period - Stopped by Matt Hackett with a rebound.
2:37 of 1st period - Dan Bertram is hit by Ben Hanowski and loses puck.
3:03 of 1st period - Snap shot by J.T. Brown.
3:03 of 1st period - Stopped by Matt Hackett without a rebound.
3:04 of 1st period - Noel Acciari wins face-off versus Riley Sheahan in Blackdemons zone.
3:09 of 1st period - Snap shot by Kellan Lain.
3:09 of 1st period - Shot Misses the Net.
3:11 of 1st period - Slapshot by Jamie Oleksiak.
3:11 of 1st period - Stopped by Matt Hackett with a rebound.
3:35 of 1st period - Wrist shot by Brandon Prust.
3:35 of 1st period - Shot Misses the Net.
3:37 of 1st period - Slapshot by Brandon Prust.
3:37 of 1st period - Goal by Brandon Prust - Diables : 1 - Blackdemons : 0.
3:38 of 1st period - Craig Smith wins face-off versus Steven Zalewski in neutral zone.
4:00 of 1st period - Icing by Steve Oleksy.
4:01 of 1st period - Riley Sheahan wins face-off versus Scott Timmins in Blackdemons zone.
4:08 of 1st period - Snap shot by Kellan Lain.
4:08 of 1st period - Stopped by Matt Hackett without a rebound.
4:09 of 1st period - Steven Zalewski wins face-off versus Craig Smith in Blackdemons zone.
6:06 of 1st period - Slapshot by Sergei Plotnikov.
6:06 of 1st period - Stopped by Jean-Francois Berube without a rebound.
6:07 of 1st period - Noel Acciari wins face-off versus Kyle Chipchura in Diables zone.
6:10 of 1st period - Slapshot by Igor Makarov.
6:10 of 1st period - Stopped by Jean-Francois Berube with a rebound.
6:12 of 1st period - Slapshot by Keaton Ellerby.
6:12 of 1st period - Goal by Keaton Ellerby - Diables : 1 - Blackdemons : 1.
6:13 of 1st period - Noel Acciari wins face-off versus Craig Smith in neutral zone.
7:22 of 1st period - Slapshot by Calvin de Haan.
7:22 of 1st period - Deflect By Vladislav Namestnikov.
7:22 of 1st period - Goal by Calvin de Haan - Diables : 1 - Blackdemons : 2.
7:23 of 1st period - Craig Smith wins face-off versus Noel Acciari in neutral zone.
8:29 of 1st period - Andrew MacDonald is hit by Pavel Valentenko and loses puck.
8:44 of 1st period - Wrist shot by Benn Ferriero.
8:44 of 1st period - Stopped by Matt Hackett without a rebound.
8:45 of 1st period - Riley Sheahan wins face-off versus Noel Acciari in Blackdemons zone.
8:46 of 1st period - Wrist shot by Kellan Lain.
8:46 of 1st period - Stopped by Matt Hackett with a rebound.
9:35 of 1st period - Slapshot by Matt Hunwick.
9:35 of 1st period - Shot Misses the Net.
9:52 of 1st period - Off-side.
9:53 of 1st period - Riley Sheahan wins face-off versus Kyle Rau in neutral zone.
9:56 of 1st period - Snap shot by Tomas Kubalik.
9:56 of 1st period - Deflect By Kellan Lain.
9:56 of 1st period - Stopped by Matt Hackett with a rebound.
9:58 of 1st period - Snap shot by Kellan Lain.
9:58 of 1st period - Stopped by Matt Hackett without a rebound.
9:59 of 1st period - Noel Acciari wins face-off versus Tomas Kubalik in Blackdemons zone.
11:07 of 1st period - Snap shot by Tomas Kubalik.
11:07 of 1st period - Deflect By Andrew MacDonald.
11:07 of 1st period - Shot Misses the Net.
11:07 of 1st period - Puck is out of play.
11:08 of 1st period - Riley Sheahan wins face-off versus Noel Acciari in Blackdemons zone.
11:23 of 1st period - Snap shot by Keaton Ellerby.
11:23 of 1st period - Shot Misses the Net.
11:36 of 1st period - Slapshot by Petter Granberg.
11:36 of 1st period - Stopped by Matt Hackett with a rebound.
12:06 of 1st period - Snap shot by Keaton Ellerby.
12:06 of 1st period - Shot Blocked by Brandon Prust.
12:26 of 1st period - Wrist shot by Igor Makarov.
12:26 of 1st period - Stopped by Jean-Francois Berube without a rebound.
12:27 of 1st period - Noel Acciari wins face-off versus Craig Smith in Diables zone.
12:32 of 1st period - Slapshot by Andrew MacDonald.
12:32 of 1st period - Stopped by Jean-Francois Berube with a rebound.
13:56 of 1st period - Icing by Matt Hunwick.
13:57 of 1st period - Noel Acciari wins face-off versus Kyle Chipchura in Blackdemons zone.
14:04 of 1st period - Slapshot by Brandon Prust.
14:04 of 1st period - Goal by Brandon Prust - Diables : 2 - Blackdemons : 2.
14:05 of 1st period - Noel Acciari wins face-off versus Craig Smith in neutral zone.
14:11 of 1st period - Wrist shot by Sergei Plotnikov.
14:11 of 1st period - Shot Misses the Net.
14:13 of 1st period - Wrist shot by Sergei Plotnikov.
14:13 of 1st period - Deflect By Igor Makarov.
14:13 of 1st period - Shot Misses the Net.
14:13 of 1st period - Puck is out of play.
14:14 of 1st period - Noel Acciari wins face-off versus Craig Smith in Diables zone.
14:15 of 1st period - Snap shot by Igor Makarov.
14:15 of 1st period - Deflect By Noel Acciari.
14:15 of 1st period - Stopped by Jean-Francois Berube without a rebound.
14:16 of 1st period - Craig Smith wins face-off versus Noel Acciari in Diables zone.
14:16 of 1st period - Craig Smith is hit by Noel Acciari.
14:28 of 1st period - Slapshot by Tyler Cuma.
14:28 of 1st period - Shot Misses the Net.
14:51 of 1st period - Slapshot by Kellan Lain.
14:51 of 1st period - Shot Misses the Net.
15:05 of 1st period - Snap shot by Ben Hanowski.
15:05 of 1st period - Stopped by Matt Hackett with a rebound.
15:17 of 1st period - Ben Hanowski is hit by Andrew MacDonald and loses puck.
15:50 of 1st period - Snap shot by Igor Makarov.
15:50 of 1st period - Goal by Igor Makarov - Diables : 2 - Blackdemons : 3.
15:51 of 1st period - Noel Acciari wins face-off versus Craig Smith in neutral zone.
15:54 of 1st period - Snap shot by Igor Makarov.
15:54 of 1st period - Goal by Igor Makarov - Diables : 2 - Blackdemons : 4.
15:54 of 1st period - Marek Mazanek enters game.
15:55 of 1st period - Noel Acciari wins face-off versus Craig Smith in neutral zone.
16:06 of 1st period - Backhand shot by Craig Smith.
16:06 of 1st period - Shot Misses the Net.
16:08 of 1st period - Snap shot by Craig Smith.
16:08 of 1st period - Goal by Craig Smith - Diables : 3 - Blackdemons : 4.
16:09 of 1st period - Steven Zalewski wins face-off versus Craig Smith in neutral zone.
16:45 of 1st period - Snap shot by Igor Makarov.
16:45 of 1st period - Stopped by Marek Mazanek with a rebound.
17:03 of 1st period - Riley Sheahan is hit by Scott Timmins and loses puck.
17:26 of 1st period - Wrist shot by Benn Ferriero.
17:26 of 1st period - Shot Misses the Net.
17:32 of 1st period - Wrist shot by Craig Smith.
17:32 of 1st period - Shot Misses the Net.
17:46 of 1st period - Wrist shot by Ben Hanowski.
17:46 of 1st period - Stopped by Matt Hackett without a rebound.
17:47 of 1st period - Steven Zalewski wins face-off versus Vladislav Namestnikov in Blackdemons zone.
18:00 of 1st period - Slapshot by Tyler Cuma.
18:00 of 1st period - Stopped by Matt Hackett with a rebound.
19:03 of 1st period - Wrist shot by J.T. Brown.
19:03 of 1st period - Stopped by Matt Hackett with a rebound.
19:24 of 1st period - Wrist shot by Steven Zalewski.
19:24 of 1st period - Shot Misses the Net.
Goals for this period are 3 for Diables vs 4 for Blackdemons.
Shots for this period are 16 for Diables vs 10 for Blackdemons.
2nd period
0:01 of 2nd period - Craig Smith wins face-off versus Noel Acciari in neutral zone.
0:26 of 2nd period - Keaton Ellerby is hit by Tomas Kubalik and loses puck.
1:57 of 2nd period - Brandon Prust is hit by Steven Zalewski and loses puck.
2:09 of 2nd period - Icing by Lukas Krajicek.
2:10 of 2nd period - Scott Timmins wins face-off versus J.T. Brown in Diables zone.
2:16 of 2nd period - Off-side.
2:17 of 2nd period - Craig Smith wins face-off versus Bryan Rust in neutral zone.
2:20 of 2nd period - Slapshot by Lukas Krajicek.
2:20 of 2nd period - Stopped by Matt Hackett without a rebound.
2:21 of 2nd period - Craig Smith wins face-off versus Noel Acciari in Blackdemons zone.
2:30 of 2nd period - Keaton Ellerby is hit by Benn Ferriero and loses puck.
2:33 of 2nd period - Snap shot by Noel Acciari.
2:33 of 2nd period - Shot Blocked by Tyler Cuma.
2:35 of 2nd period - Snap shot by Keaton Ellerby.
2:35 of 2nd period - Stopped by Marek Mazanek without a rebound.
2:36 of 2nd period - Steven Zalewski wins face-off versus Riley Sheahan in Diables zone.
3:01 of 2nd period - Steve Oleksy is hit by Brandon Prust.
3:32 of 2nd period - Icing by Craig Smith.
3:33 of 2nd period - Steven Zalewski wins face-off versus Craig Smith in Diables zone.
4:10 of 2nd period - Wrist shot by Igor Makarov.
4:10 of 2nd period - Shot Misses the Net.
5:33 of 2nd period - Slapshot by Andrew MacDonald.
5:33 of 2nd period - Stopped by Marek Mazanek without a rebound.
5:34 of 2nd period - Noel Acciari wins face-off versus Riley Sheahan in Diables zone.
5:39 of 2nd period - Snap shot by Igor Makarov.
5:39 of 2nd period - Shot Blocked by Tomas Kubalik.
5:41 of 2nd period - Slapshot by Keaton Ellerby.
5:41 of 2nd period - Shot Blocked by Tyler Cuma.
5:43 of 2nd period - Wrist shot by Oscar Klefbom.
5:43 of 2nd period - Shot Misses the Net.
5:45 of 2nd period - Wrist shot by Noel Acciari.
5:45 of 2nd period - Deflect By Igor Makarov.
5:45 of 2nd period - Stopped by Marek Mazanek without a rebound.
5:46 of 2nd period - Noel Acciari wins face-off versus Riley Sheahan in Diables zone.
7:13 of 2nd period - Wrist shot by Kyle Chipchura.
7:13 of 2nd period - Shot Blocked by Steve Oleksy.
7:39 of 2nd period - Snap shot by Steven Zalewski.
7:39 of 2nd period - Stopped by Marek Mazanek without a rebound.
7:40 of 2nd period - Kyle Chipchura wins face-off versus Noel Acciari in Diables zone.
7:45 of 2nd period - Slapshot by Noel Acciari.
7:45 of 2nd period - Shot Misses the Net.
7:47 of 2nd period - Snap shot by Igor Makarov.
7:47 of 2nd period - Stopped by Marek Mazanek with a rebound.
7:49 of 2nd period - Snap shot by Sergei Plotnikov.
7:49 of 2nd period - Shot Misses the Net.
7:53 of 2nd period - Snap shot by Igor Makarov.
7:53 of 2nd period - Stopped by Marek Mazanek with a rebound.
7:58 of 2nd period - Minor Penalty to J.T. Brown for Interference.
7:59 of 2nd period - Brandon Prust wins face-off versus Steven Zalewski in Diables zone.
8:07 of 2nd period - Slapshot by Andrew MacDonald.
8:07 of 2nd period - Deflect By Sergei Plotnikov.
8:07 of 2nd period - Stopped by Marek Mazanek with a rebound.
8:09 of 2nd period - Slapshot by Andrew MacDonald.
8:09 of 2nd period - Shot Blocked by Lukas Krajicek.
8:11 of 2nd period - Wrist shot by Steven Zalewski.
8:11 of 2nd period - Shot Blocked by Kellan Lain.
8:39 of 2nd period - Mark Fraser is hit by Jordan Szwarz and loses puck.
9:58 of 2nd period - Penalty to J.T. Brown is over, J.T. Brown is back on ice.
10:27 of 2nd period - Slapshot by J.T. Brown.
10:27 of 2nd period - Shot Misses the Net.
10:47 of 2nd period - Calvin de Haan is hit by Ben Hanowski and loses puck.
10:52 of 2nd period - Slapshot by Tyler Cuma.
10:52 of 2nd period - Deflect By Taylor Beck.
10:52 of 2nd period - Stopped by Matt Hackett with a rebound.
11:02 of 2nd period - Andrew MacDonald is hit by Riley Sheahan.
12:47 of 2nd period - Tyler Cuma is hit by Jordan Szwarz and loses puck.
13:53 of 2nd period - Kyle Rau is hit by Craig Smith and loses puck.
14:15 of 2nd period - Wrist shot by Brandon Prust.
14:15 of 2nd period - Shot Misses the Net.
15:06 of 2nd period - Scott Wilson is hit by J.T. Brown and loses puck.
16:10 of 2nd period - Noel Acciari is hit by Brandon Prust.
16:20 of 2nd period - Slapshot by Keaton Ellerby.
16:20 of 2nd period - Shot Misses the Net.
16:22 of 2nd period - Snap shot by Scott Wilson.
16:22 of 2nd period - Shot Blocked by Tyler Cuma.
16:24 of 2nd period - Wrist shot by Scott Timmins.
16:24 of 2nd period - Shot Misses the Net.
16:26 of 2nd period - Snap shot by Bryan Rust.
16:26 of 2nd period - Stopped by Marek Mazanek without a rebound.
16:27 of 2nd period - Craig Smith wins face-off versus Jordan Szwarz in Diables zone.
16:38 of 2nd period - Off-side.
16:39 of 2nd period - Craig Smith wins face-off versus Noel Acciari in neutral zone.
16:46 of 2nd period - Snap shot by Craig Smith.
16:46 of 2nd period - Stopped by Matt Hackett without a rebound.
16:47 of 2nd period - Craig Smith wins face-off versus Noel Acciari in Blackdemons zone.
16:56 of 2nd period - Wrist shot by Craig Smith.
16:56 of 2nd period - Shot Misses the Net.
17:22 of 2nd period - Riley Sheahan is hit by Steven Zalewski and loses puck.
17:59 of 2nd period - Snap shot by Taylor Beck.
17:59 of 2nd period - Stopped by Matt Hackett with a rebound.
18:01 of 2nd period - Wrist shot by Taylor Beck.
18:01 of 2nd period - Stopped by Matt Hackett without a rebound.
18:02 of 2nd period - Benn Ferriero wins face-off versus Steven Zalewski in Blackdemons zone.
18:13 of 2nd period - Benn Ferriero is hit by Jordan Szwarz and loses puck.
18:49 of 2nd period - Off-side.
18:50 of 2nd period - Vladislav Namestnikov wins face-off versus Scott Timmins in neutral zone.
19:07 of 2nd period - Keaton Ellerby is hit by Ben Hanowski and loses puck.
Goals for this period are 0 for Diables vs 0 for Blackdemons.
Shots for this period are 5 for Diables vs 8 for Blackdemons.
3rd period
0:01 of 3rd period - Noel Acciari wins face-off versus Craig Smith in neutral zone.
0:06 of 3rd period - Wrist shot by Sergei Plotnikov.
0:06 of 3rd period - Stopped by Marek Mazanek with a rebound.
0:32 of 3rd period - Wrist shot by Jordan Szwarz.
0:32 of 3rd period - Shot Misses the Net.
0:50 of 3rd period - Snap shot by Oscar Klefbom.
0:50 of 3rd period - Stopped by Marek Mazanek with a rebound.
0:52 of 3rd period - Slapshot by Keaton Ellerby.
0:52 of 3rd period - Stopped by Marek Mazanek without a rebound.
0:53 of 3rd period - Craig Smith wins face-off versus Noel Acciari in Diables zone.
0:58 of 3rd period - Noel Acciari is hit by Craig Smith.
1:18 of 3rd period - Benn Ferriero is hit by Scott Timmins and loses puck.
1:47 of 3rd period - Brian Dumoulin is hit by Blake Pietila and loses puck.
1:52 of 3rd period - Slapshot by Steven Zalewski.
1:52 of 3rd period - Shot Blocked by Petter Granberg.
2:04 of 3rd period - Tomas Kubalik is hit by Dan Bertram.
2:10 of 3rd period - Slapshot by Matt Hunwick.
2:10 of 3rd period - Stopped by Marek Mazanek with a rebound.
2:12 of 3rd period - Slapshot by Matt Hunwick.
2:12 of 3rd period - Shot Blocked by Tomas Kubalik.
2:14 of 3rd period - Slapshot by Steve Oleksy.
2:14 of 3rd period - Shot Blocked by Petter Granberg.
2:26 of 3rd period - Kellan Lain is hit by Steve Oleksy and loses puck.
2:52 of 3rd period - Icing by Brandon Prust.
2:53 of 3rd period - Kyle Chipchura wins face-off versus Steven Zalewski in Diables zone.
3:04 of 3rd period - Slapshot by J.T. Brown.
3:04 of 3rd period - Shot Misses the Net.
3:06 of 3rd period - Snap shot by J.T. Brown.
3:06 of 3rd period - Shot Misses the Net.
3:08 of 3rd period - Wrist shot by J.T. Brown.
3:08 of 3rd period - Deflect By Brandon Prust.
3:08 of 3rd period - Shot Blocked by Steven Zalewski.
3:08 of 3rd period - Puck is out of play.
3:09 of 3rd period - Noel Acciari wins face-off versus Craig Smith in Blackdemons zone.
3:09 of 3rd period - Noel Acciari is hit by Lukas Krajicek.
3:23 of 3rd period - Slapshot by Tyler Cuma.
3:23 of 3rd period - Deflect By Igor Makarov.
3:23 of 3rd period - Stopped by Matt Hackett with a rebound.
3:25 of 3rd period - Snap shot by Craig Smith.
3:25 of 3rd period - Goal by Craig Smith - Diables : 4 - Blackdemons : 4.
3:26 of 3rd period - Igor Makarov wins face-off versus Craig Smith in neutral zone.
3:58 of 3rd period - Snap shot by Oscar Klefbom.
3:58 of 3rd period - Shot Blocked by Tomas Kubalik.
4:00 of 3rd period - Snap shot by Scott Timmins.
4:00 of 3rd period - Stopped by Marek Mazanek with a rebound.
4:37 of 3rd period - Snap shot by Ben Hanowski.
4:37 of 3rd period - Stopped by Matt Hackett with a rebound.
4:39 of 3rd period - Slapshot by Pavel Valentenko.
4:39 of 3rd period - Shot Blocked by Sergei Plotnikov.
4:41 of 3rd period - Slapshot by Mark Fraser.
4:41 of 3rd period - Shot Blocked by Matt Hunwick.
4:59 of 3rd period - Max Friberg is hit by Benn Ferriero.
5:11 of 3rd period - Kyle Rau is hit by Benn Ferriero.
5:33 of 3rd period - Minor Penalty to Lukas Krajicek for Slashing.
5:34 of 3rd period - Brandon Prust wins face-off versus Steven Zalewski in Diables zone.
5:50 of 3rd period - Slapshot by Tyler Cuma.
5:50 of 3rd period - Stopped by Matt Hackett without a rebound.
5:51 of 3rd period - Brandon Prust wins face-off versus Noel Acciari in Blackdemons zone.
6:14 of 3rd period - Kellan Lain is hit by Igor Makarov and loses puck.
6:21 of 3rd period - Slapshot by Igor Makarov.
6:21 of 3rd period - Deflect By Sergei Plotnikov.
6:21 of 3rd period - Shot Misses the Net.
6:21 of 3rd period - Puck is out of play.
6:22 of 3rd period - Brandon Prust wins face-off versus Steven Zalewski in Diables zone.
7:33 of 3rd period - Penalty to Lukas Krajicek is over, Lukas Krajicek is back on ice.
7:40 of 3rd period - Brian Dumoulin is hit by Oscar Klefbom and loses puck.
7:45 of 3rd period - Snap shot by Keaton Ellerby.
7:45 of 3rd period - Stopped by Marek Mazanek with a rebound.
8:01 of 3rd period - Wrist shot by Craig Smith.
8:01 of 3rd period - Shot Misses the Net.
8:03 of 3rd period - Slapshot by Lukas Krajicek.
8:03 of 3rd period - Shot Misses the Net.
8:07 of 3rd period - Wrist shot by Craig Smith.
8:07 of 3rd period - Shot Blocked by Andrew MacDonald.
8:09 of 3rd period - Slapshot by Brian Dumoulin.
8:09 of 3rd period - Shot Blocked by Dan Bertram.
8:11 of 3rd period - Slapshot by Tyler Cuma.
8:11 of 3rd period - Shot Misses the Net.
8:21 of 3rd period - Snap shot by Craig Smith.
8:21 of 3rd period - Shot Misses the Net.
9:05 of 3rd period - Slapshot by Dan Bertram.
9:05 of 3rd period - Stopped by Marek Mazanek without a rebound.
9:06 of 3rd period - Noel Acciari wins face-off versus Riley Sheahan in Diables zone.
9:09 of 3rd period - Snap shot by Igor Makarov.
9:09 of 3rd period - Shot Misses the Net.
9:23 of 3rd period - Oscar Klefbom is hit by Riley Sheahan.
9:33 of 3rd period - Keaton Ellerby is hit by J.T. Brown and loses puck.
9:51 of 3rd period - Icing by J.T. Brown.
9:52 of 3rd period - Vladislav Namestnikov wins face-off versus Scott Timmins in Diables zone.
10:13 of 3rd period - Minor Penalty to Taylor Beck for Holding.
10:14 of 3rd period - Brandon Prust wins face-off versus Sergei Plotnikov in Diables zone.
10:14 of 3rd period - Brandon Prust is hit by Andrew MacDonald.
10:30 of 3rd period - Brandon Prust is hit by Steven Zalewski and loses puck.
12:13 of 3rd period - Penalty to Taylor Beck is over, Taylor Beck is back on ice.
12:24 of 3rd period - Minor Penalty to Scott Wilson for Roughing.
12:25 of 3rd period - Craig Smith wins face-off versus Jordan Szwarz in Blackdemons zone.
13:57 of 3rd period - Icing by Mark Fraser.
13:58 of 3rd period - Noel Acciari wins face-off versus Riley Sheahan in Diables zone.
14:24 of 3rd period - Penalty to Scott Wilson is over, Scott Wilson is back on ice.
14:33 of 3rd period - Snap shot by Brandon Prust.
14:33 of 3rd period - Stopped by Matt Hackett with a rebound.
14:35 of 3rd period - Slapshot by Brian Dumoulin.
14:35 of 3rd period - Stopped by Matt Hackett with a rebound.
14:37 of 3rd period - Slapshot by Brian Dumoulin.
14:37 of 3rd period - Stopped by Matt Hackett with a rebound.
14:39 of 3rd period - Backhand shot by Brian Dumoulin.
14:39 of 3rd period - Shot Blocked by Bryan Rust.
14:57 of 3rd period - Wrist shot by Max Friberg.
14:57 of 3rd period - Stopped by Marek Mazanek without a rebound.
14:58 of 3rd period - Riley Sheahan wins face-off versus Scott Timmins in Diables zone.
14:58 of 3rd period - Riley Sheahan is hit by Scott Wilson.
15:08 of 3rd period - Snap shot by Tomas Kubalik.
15:08 of 3rd period - Shot Misses the Net.
15:19 of 3rd period - Icing by Lukas Krajicek.
15:20 of 3rd period - Kyle Chipchura wins face-off versus Noel Acciari in Diables zone.
15:20 of 3rd period - Kyle Chipchura is hit by Igor Makarov.
15:27 of 3rd period - Lukas Krajicek is hit by Igor Makarov and loses puck.
15:36 of 3rd period - Wrist shot by Igor Makarov.
15:36 of 3rd period - Shot Misses the Net.
15:54 of 3rd period - Wrist shot by Scott Timmins.
15:54 of 3rd period - Stopped by Marek Mazanek with a rebound.
15:56 of 3rd period - Slapshot by Bryan Rust.
15:56 of 3rd period - Stopped by Marek Mazanek with a rebound.
16:04 of 3rd period - Minor Penalty to J.T. Brown for Holding.
16:05 of 3rd period - Brandon Prust wins face-off versus Steven Zalewski in Diables zone.
16:05 of 3rd period - Brandon Prust is hit by Andrew MacDonald.
16:19 of 3rd period - Snap shot by Steven Zalewski.
16:19 of 3rd period - Stopped by Marek Mazanek without a rebound.
16:20 of 3rd period - Steven Zalewski wins face-off versus Brandon Prust in Diables zone.
16:31 of 3rd period - Snap shot by Igor Makarov.
16:31 of 3rd period - Stopped by Marek Mazanek without a rebound.
16:32 of 3rd period - Brandon Prust wins face-off versus Steven Zalewski in Diables zone.
16:32 of 3rd period - Brandon Prust is hit by Igor Makarov.
16:56 of 3rd period - Slapshot by Matt Hunwick.
16:56 of 3rd period - Shot Blocked by Tyler Cuma.
16:58 of 3rd period - Slapshot by Matt Hunwick.
16:58 of 3rd period - Goal by Matt Hunwick - Diables : 4 - Blackdemons : 5.
16:59 of 3rd period - Kyle Chipchura wins face-off versus Noel Acciari in neutral zone.
17:01 of 3rd period - Minor Penalty to J.T. Brown for Hooking.
17:02 of 3rd period - Steven Zalewski wins face-off versus Brandon Prust in Diables zone.
17:56 of 3rd period - Slapshot by Igor Makarov.
17:56 of 3rd period - Stopped by Marek Mazanek with a rebound.
18:00 of 3rd period - Slapshot by Keaton Ellerby.
18:00 of 3rd period - Shot Misses the Net.
18:06 of 3rd period - Snap shot by Igor Makarov.
18:06 of 3rd period - Stopped by Marek Mazanek with a rebound.
18:08 of 3rd period - Snap shot by Steven Zalewski.
18:08 of 3rd period - Shot Misses the Net.
18:24 of 3rd period - Slapshot by Tyler Cuma.
18:24 of 3rd period - Stopped by Matt Hackett with a rebound.
18:36 of 3rd period - Slapshot by Tyler Cuma.
18:36 of 3rd period - Deflect By Craig Smith.
18:36 of 3rd period - Deflect By Andrew MacDonald.
18:36 of 3rd period - Shot Blocked by Keaton Ellerby.
18:36 of 3rd period - Puck is out of play.
18:37 of 3rd period - Noel Acciari wins face-off versus Brandon Prust in Blackdemons zone.
19:01 of 3rd period - Penalty to J.T. Brown is over, J.T. Brown is back on ice.
19:02 of 3rd period - Pavel Valentenko is hit by Blake Pietila and loses puck.
19:34 of 3rd period - Backhand shot by Dan Bertram.
19:34 of 3rd period - Shot Misses the Net.
19:36 of 3rd period - Wrist shot by Max Friberg.
19:36 of 3rd period - Stopped by Marek Mazanek with a rebound.
19:38 of 3rd period - Snap shot by Matt Hunwick.
19:38 of 3rd period - Stopped by Marek Mazanek with a rebound.
19:40 of 3rd period - Slapshot by Steve Oleksy.
19:40 of 3rd period - Deflect By Dan Bertram.
19:40 of 3rd period - Stopped by Marek Mazanek with a rebound.
19:42 of 3rd period - Slapshot by Steve Oleksy.
19:42 of 3rd period - Shot Blocked by Mark Fraser.
19:44 of 3rd period - Slapshot by Blake Pietila.
19:44 of 3rd period - Shot Misses the Net.
19:55 of 3rd period - Minor Penalty to J.T. Brown for Tripping.
19:56 of 3rd period - Brandon Prust wins face-off versus Noel Acciari in Diables zone.
Goals for this period are 1 for Diables vs 1 for Blackdemons.
Shots for this period are 8 for Diables vs 18 for Blackdemons.
Back to the Top